 Dungeon Crawl Stone Soup version 0.17-a0-2007-g96ac4c4 (webtiles) character file.

163933 Ordine the Warrior (level 17, -2/138 (139) HPs)
             Began as an Octopode Fighter on Oct 8, 2015.
             Was the Champion of Dithmenos.
             Succumbed to poison (dark miasma)
             ... on level 4 of the Swamp.
             The game lasted 03:33:28 (45007 turns).

Ordine the Warrior (Octopode Fighter)              Turns: 45007, Time: 03:33:28

HP:   -2/138 (139)  AC:  8    Str: 14    XL:     17   Next: 84%
MP:   22/34         EV: 30    Int: 13    God:    Dithmenos [******]
Gold: 1059          SH: 21    Dex: 22    Spells: 3 memorised, 6 levels left

rFire  + + +     SeeInvis .     A - +0 demon blade of Dosucuy {slice, rF+ rC+ Int+5}
rCold  + + +     Clarity  +     b - +5 shield
rNeg   + + .     SustAt   .     a - +0 hat {Spirit}
rPois  +         Gourm    .     J - amulet "Itoyriah" {Clar rN+}
rElec  +         Spirit   +     X - ring of poison resistance
rCorr  +         Warding  .     s - ring of the Octopus King {rF+ AC+1 EV+1 Str+1 Int+1 Dex+1}
rMut   .         Stasis   .     P - ring "Gienoes" {rF++ rC++ Int+3 Dex+3}
MR     ++...                    E - ring of positive energy
Stlth  +++++.....               U - ring of Awuwn {rC++ MP+9 Int-5}
                                x - +4 ring of protection
                                W - +5 ring of evasion
                                F - ring of protection from magic

@: lethally poisoned (-2 -> -36), resistant, non-regenerating, diseased,
wreathed by umbra, very resistant to hostile enchantments, quite stealthy
A: almost no armour, amphibious, 8 rings, constrict 8, tentacle spike 2, large
bone plates 1, camouflage 1, blurry vision 1, dopey 1, fire resistance 1, robust
1, weak 1, gelatinous body 1, evolution 1
a: Shadow Step, Shadow Form, Renounce Religion


You were on level 4 of the Swamp.
You worshipped Dithmenos.
Dithmenos was exalted by your worship.
You were hungry.

You visited 5 branches of the dungeon, and saw 32 of its levels.
You also visited: Labyrinth and Ice Cave.

You collected 3254 gold pieces.
You spent 2195 gold pieces at shops.

Inventory:

Hand Weapons
 o - a +1 blowgun
 A - the +0 demon blade of Dosucuy (weapon) {slice, rF+ rC+ Int+5}
   (You acquired it on level 6 of the Dungeon)

   It inflicts extra damage upon your enemies.
   It affects your intelligence (+5).
   It protects you from fire.
   It protects you from cold.
 B - the +5 dagger of the Egg {pain, rElec Str+2}
   (You found it on level 6 of the Dungeon)

   In the hands of one skilled in necromantic magic, it inflicts extra damage on
   living creatures.
   It affects your strength (+2).
   It insulates you from electricity.
Missiles
 h - 2 throwing nets
 j - 16 curare-tipped needles
 y - 161 poisoned needles
 N - 19 javelins (quivered)
 Q - 3 needles of sleeping
Armour
 a - a +0 hat of spirit shield (worn)
 b - a +5 shield (worn)
 M - the +0 hat "Gian" {rCorr Int-3 Stlth+}
   (You found it in a labyrinth)

   It affects your intelligence (-3).
   It protects you from acid and corrosion.
   It makes you more stealthy.
Jewellery
 e - an uncursed amulet of resist mutation
 s - a ring of the Octopus King (right tentacle) {rF+ AC+1 EV+1 Str+1 Int+1 Dex+1}
   (You found it on level 5 of the Dungeon)

   [ring of protection from fire]

   It affects your AC (+1).
   It affects your evasion (+1).
   It affects your strength (+1).
   It affects your intelligence (+1).
   It affects your dexterity (+1).
   It protects you from fire.
 u - an uncursed ring of invisibility
 x - a +4 ring of protection (on tentacle)
 E - a ring of positive energy (on tentacle)
 F - a ring of protection from magic (on tentacle)
 J - the amulet "Itoyriah" (around mantle) {Clar rN+}
   (You bought it in a shop on level 4 of the Orcish Mines)

   [amulet of clarity]

   It provides mental clarity.
   It protects you from negative energy.
 P - the ring "Gienoes" (on tentacle) {rF++ rC++ Int+3 Dex+3}
   (You bought it in a shop on level 4 of the Orcish Mines)

   [ring of intelligence]

   It affects your intelligence (+3).
   It affects your dexterity (+3).
   It greatly protects you from fire.
   It greatly protects you from cold.
 U - the ring of Awuwn (on tentacle) {rC++ MP+9 Int-5}
   (You found it on level 8 of the Lair of Beasts)

   [ring of magical power]

   It affects your intelligence (-5).
   It greatly protects you from cold.
   It affects your magic capacity (+9).
 W - a +5 ring of evasion (on tentacle)
 X - a ring of poison resistance (left tentacle)
Wands
 f - a wand of lightning (0)
 C - a wand of hasting (3)
 D - a wand of draining (3)
 L - a wand of teleportation (4)
Scrolls
 g - 17 scrolls of remove curse
 m - 10 scrolls of identify
 n - 3 scrolls of teleportation
 I - a scroll of amnesia
 K - 2 scrolls of fear
 S - a scroll of recharging
Potions
 d - 3 potions of haste
 k - a potion of magic
 l - a potion of agility
 t - 2 potions of cancellation
Books
 i - a Fen Folio

   Spells                             Type                      Level
   a - Corpse Rot                     Necromancy                   2
   b - Stone Arrow                    Conjuration/Earth            3
   c - Leda's Liquefaction            Hexes/Earth                  4
   d - Summon Forest                  Summoning/Translocation      5
   e - Hydra Form                     Transmutation                6
   f - Summon Hydra                   Summoning                    7
Comestibles
 c - a royal jelly
 p - 2 meat rations
 r - 2 slices of pizza
 G - 2 bread rations
 H - 36 fruits


   Skills:
 - Level 15.2 Fighting
 - Level 15.0 Long Blades
 - Level 11.9 Dodging
 - Level 15.0 Shields
 + Level 6.7 Transmutations
 + Level 7.0 Earth Magic
 - Level 1.2 Invocations
 - Level 11.0 Evocations


You had 6 spell levels left.
You knew the following spells:

 Your Spells              Type           Power        Failure   Level  Hunger
a - Stoneskin             Trmt/Erth      ###.....     3%          2    ###....
b - Statue Form           Trmt/Erth      ###......    100%        6    #######
c - Repel Missiles        Chrm/Air       #.....       47%         2    ###....


Dungeon Overview and Level Annotations

Branches:
Dungeon (15/15)            Temple (1/1) D:5            Lair (8/8) D:8
  Swamp (4/4) Lair:3        Snake (0/4) Lair:3        Slime (0/6) Lair:7
    Orc (4/4) D:12            Elf (0/3) Orc:3        Vaults (0/5) D:13
 Depths (0/5) D:15

Altars:
Ashenzari
Cheibriados
Dithmenos
Elyvilon
Fedhas
Gozag
Kikubaaqudgha
Makhleb
Nemelex Xobeh
Okawaru
Qazlal
Ru
Sif Muna
Trog
Vehumet
Xom
Yredelemnul
Zin
The Shining One

Shops:
D:12 ([   D:15 [   Orc:1 *   Orc:4 =!}[


Innate Abilities, Weirdness & Mutations

You cannot wear most types of armour.
You are amphibious.
You can wear up to eight rings at the same time.
You can use your tentacles to constrict eight enemies at once.
Your skin changes colour to match your surroundings (Stealth).
Your rubbery body absorbs attacks (AC +1).
One of your tentacles bears a nasty spike.
You are partially covered in large bone plates (AC +2, SH +2).
Scrolls take you a little longer to read.
You are dopey. (Int -2)
Your flesh is heat resistant.
You are robust (+10% HP).
You are weak. (Str -2)
You evolve.


Message History

* * * LOW HITPOINT WARNING * * *
You feel very sick.
A seven-headed hydra zombie comes into view.
* * * LOW HITPOINT WARNING * * *
You feel very sick.
Found a potion of heal wounds.
Read which item? (? for menu, Esc to quit)
Okay, then.
* * * LOW HITPOINT WARNING * * *
You feel very sick.
* * * LOW HITPOINT WARNING * * *
You feel sick.
Found a great mace.
* * * LOW HITPOINT WARNING * * *
You feel very sick.
Unknown command.
Unknown command.
* * * LOW HITPOINT WARNING * * *
You feel sick.
You die...

♣♣## ##.....≈≈## ♣≈≈##
##≈.....≈≈≈# ♣♣≈≈≈#
###§§≈###.≈≈.#
♣♣≈≈≈#######....###≈≈.≈##
♣♣.≈≈≈##≈......####≈≈.##
♣.≈≈≈≈#...§.####....##
♣..≈≈≈.(..≈####.....#
♣♣..≈≈....####.....###
♣).≈≈≈..####)...@?##
♣..≈≈#### #.!..### ♣.≈≈≈♣
##.## ..≈≈♣♣♣♣ #
.[♣≈≈..♣♣ )≈≈....≈♣♣
.≈≈≈.....♣♣ .....≈≈≈≈.♣
..♣..§..≈♣♣


There were no monsters in sight!

Vanquished Creatures
  Jorgrun (Swamp:4)
  Rupert (Orc:3)
  Frances (D:12)
  Kirke (D:15)
  Maud (D:10)
  A frost giant (IceCv)
  Nessos (Lair:6)
  A minotaur (Lab)
  Snorg (Orc:4)
  A yaktaur captain (D:15)
  5 ogre magi
  Josephine (Lair:7)
  A fire dragon (D:14)
  3 ghost crabs
  8 hydras
  11 centaur warriors
  Erolcha (Orc:2)
  2 catoblepae
  4 alligators
  25 death yaks
  A deep troll shaman (Lair:8)
  An orc high priest (Orc:4)
  Urug (D:13)
  Sonja (D:14)
  An iron troll (D:13)
  An unseen horror (D:11)
  2 fire crabs
  3 swamp dragons
  5 shambling mangroves
  5 hill giants
  An ice statue (IceCv)
  An obsidian statue (D:10)
  A phantasmal warrior (Swamp:4)
  2 spectral hydras (Swamp:4)
  A necromancer (D:13)
  2 hornets
  2 wolf spider zombies
  2 orc knights
  2 cyclopes
  8 ugly things
  A lindwurm (Lair:8)
  A griffon (Lair:4)
  2 orc sorcerers
  An oklob plant (Lair:7)
  13 black mambas
  2 manticores (D:11)
  17 elephants
  A centaur zombie (D:15)
  5 gargoyles
  2 kobold demonologists (D:11)
  29 spiny frogs
  A fire drake (Lair:8)
  3 swamp worm zombies (Swamp:4)
  A yaktaur (D:15)
  8 komodo dragons
  2 hydra zombies (Swamp:4)
  16 two-headed ogres
  3 giant leeches
  17 polar bears
  A wind drake (shapeshifter) (D:13)
  9 trolls
  5 slime creatures (Swamp:3)
  2 boulder beetles
  7 bog bodies
  A trapdoor spider zombie (D:10)
  5 alligator zombies (Swamp:4)
  15 blink frogs
  5 shadows
  2 trapdoor spiders
  A vampire (D:15)
  6 wraiths
  2 deep elf magi
  6 basilisks
  3 spriggans
  A centaur simulacrum (D:15)
  Eustachio (D:5)
  69 yaks
  4 fire bats (Lair:3)
  10 hippogriffs
  28 wolves
  A steam dragon (D:13)
  2 hungry ghosts
  A hog (D:15)
  Menkaure (D:5)
  17 vampire mosquitoes
  19 swamp worms
  26 insubstantial wisps
  4 swamp drakes
  8 wargs
  12 porcupines
  Duvessa (D:5)
  26 water moccasins
  19 orc warriors
  3 swamp dragon zombies (Swamp:4)
  9 wasps
  5 ice beasts
  A black bear (Lair:8)
  An eye of draining (D:12)
  4 phantoms
  4 sky beasts
  29 centaurs
  17 crocodiles
  38 ogres
  The ghost of kinazarov the Ruffian, an amateur VSMo (D:3)
  An earth elemental (Lab)
  26 giant frogs
  9 big kobolds
  Dowan (D:5)
  5 scorpions
  An electric eel (Lair:5)
  20 killer bees
  16 wights
  A lava snake (Lair:3)
  6 crimson imps
  2 giant frog zombies
  6 giant frog skeletons
  33 orc priests
  Ijyb (D:3)
  8 hounds
  4 jellies
  2 quasits
  2 centaur skeletons
  48 orc wizards
  Terence (D:3)
  4 iguanas
  3 spectral swamp drakes (Swamp:4)
  12 worker ants
  A killer bee zombie (D:5)
  25 sheep
  3 hound zombies
  A worker ant zombie (D:9)
  A hound skeleton (D:7)
  6 adders
  2 gnolls (D:5)
  2 swamp drake zombies (Swamp:4)
  62 river rats
  6 shadow imps
  An ooze (D:2)
  2 adder skeletons
  5 worms
  6 giant geckos
  206 orcs
  30 bats
  3 giant cockroaches
  7 hobgoblins
  32 kobolds
  10 quokkas
  5 ball pythons
  A ball python skeleton (D:6)
  A giant gecko skeleton (D:6)
  A giant gecko zombie (D:5)
  5 giant newts
  12 goblins
  23 jackals
  A jackal skeleton (D:7)
  7 rats
  3 fungi
  4 plants
1357 creatures vanquished.

Vanquished Creatures (others)
  An alligator (Swamp:1)
  An unseen horror (D:15)
  A spiny frog (Swamp:4)
  2 polar bears (IceCv)
  2 yaks (IceCv)
  A human (D:15)
  An insubstantial wisp (Swamp:4)
  A swamp worm (Swamp:4)
  2 wolves (IceCv)
  2 swamp drakes (Swamp:4)
  2 wasps
  A river rat (Lair:6)
  An orc (D:14)
  23 bushes (Lair:7)
  25 fungi
  12 plants
78 creatures vanquished.

Grand Total: 1435 creatures vanquished

Notes
Turn   | Place    | Note
--------------------------------------------------------------
     0 | D:1      | Ordine the Octopode Fighter began the quest for the Orb.
     0 | D:1      | Reached XP level 1. HP: 16/16 MP: 1/1
   189 | D:1      | Reached XP level 2. HP: 15/21 MP: 2/2
   720 | D:2      | Found a shattered altar of Ashenzari.
   731 | D:2      | Reached XP level 3. HP: 15/27 MP: 3/3
   801 | D:2      | Found a deep blue altar of Sif Muna.
  1298 | D:2      | Reached skill level 4 in Fighting
  1310 | D:2      | Reached XP level 4. HP: 19/33 MP: 4/4
  1415 | D:2      | Gained mutation: You are partially covered in rough black scales (AC +4, Dex -1). [potion of mutation]
  1415 | D:2      | Gained mutation: You are agile. (Dex +2) [potion of mutation]
  1415 | D:2      | Gained mutation: Your body sometimes deteriorates upon taking damage. [potion of mutation]
  1434 | D:2      | Found an ancient bone altar of Kikubaaqudgha.
  1435 | D:2      | Found a shadowy altar of Dithmenos.
  1459 | D:2      | Became a worshipper of Dithmenos the Shadowed
  1580 | D:3      | Noticed Ijyb
  1589 | D:3      | Killed Ijyb
  1646 | D:3      | Noticed Terence
  1655 | D:3      | Killed Terence
  1655 | D:3      | Reached XP level 5. HP: 27/38 MP: 5/5
  1843 | D:3      | Noticed kinazarov's ghost (amateur VSMo)
  1850 | D:3      | Killed kinazarov's ghost
  1850 | D:3      | Reached skill level 5 in Fighting
  1967 | D:2      | Reached XP level 6. HP: 35/45 MP: 6/6
  2665 | D:4      | Found an opulent altar of Gozag.
  2847 | D:4      | Reached skill level 5 in Long Blades
  2858 | D:4      | Found a shattered altar of Ashenzari.
  2945 | D:4      | Reached XP level 7. HP: 24/51 MP: 7/7
  3348 | D:4      | Reached skill level 6 in Fighting
  3970 | D:5      | Entered Level 5 of the Dungeon
  4430 | D:5      | Found a staircase to the Ecumenical Temple.
  4451 | Temple   | Entered the Ecumenical Temple
  4763 | D:5      | Got a ring of the Octopus King
  4769 | D:5      | Identified a ring of the Octopus King {rF+ AC+1 EV+1 Str+1 Int+1 Dex+1} (You found it on level 5 of the Dungeon)
  5006 | D:5      | Acquired Dithmenos's first power
  5030 | D:5      | Reached skill level 7 in Fighting
  5030 | D:5      | Reached XP level 8. HP: 23/60 MP: 8/8
  5180 | D:5      | Noticed Eustachio
  5202 | D:5      | Killed Eustachio
  5398 | D:5      | Noticed Dowan
  5400 | D:5      | Noticed Duvessa
  5413 | D:5      | Killed Duvessa
  5422 | D:5      | Killed Dowan
  5619 | D:5      | Found a glowing golden altar of the Shining One.
  5670 | D:5      | Noticed Menkaure
  5671 | D:5      | Killed Menkaure
  5671 | D:5      | Reached skill level 8 in Fighting
  5954 | D:6      | Got a fine dagger
  5955 | D:6      | Identified the +5 dagger of the Egg {pain, rElec Str+2} (You found it on level 6 of the Dungeon)
  6047 | D:6      | Identified a scroll of acquirement
  6048 | D:6      | Got a scorched demon blade
  6049 | D:6      | Identified the +0 demon blade of Dosucuy {slice, rF+ rC+ Int+5} (You acquired it on level 6 of the Dungeon)
  6104 | D:6      | Reached XP level 9. HP: 56/67 MP: 9/9
  6282 | D:6      | Found a sacrificial altar of Ru.
  6331 | D:6      | Reached skill level 9 in Fighting
  6333 | D:6      | Acquired Dithmenos's second power
  7658 | D:7      | Gained mutation: You are covered in fur (AC +1). [mutagenic meat]
  7826 | D:7      | Gained mutation: You are partially covered in icy blue scales (AC +1). [potion of beneficial mutation]
  8006 | D:7      | Reached skill level 10 in Fighting
  8130 | D:7      | Found a blossoming altar of Fedhas.
  8468 | D:8      | Reached XP level 10. HP: 76/76 MP: 10/10
  8586 | D:8      | Lost mutation: Your body sometimes deteriorates upon taking damage. [potion of mutation]
  8586 | D:8      | Gained mutation: Your flesh is cold resistant. [potion of mutation]
  8773 | D:8      | Found a staircase to the Lair.
  8774 | D:8      | Noticed a komodo dragon
  8917 | D:8      | Killed a komodo dragon
  8917 | D:8      | Reached skill level 10 in Long Blades
  9255 | D:9      | Noticed a hill giant
  9272 | D:9      | Killed a hill giant
  9549 | D:9      | Reached skill level 11 in Fighting
  9591 | D:9      | Acquired Dithmenos's third power
  9977 | D:9      | Gained mutation: You can spit weak poison. [mutagenic meat]
  9979 | D:9      | Gained mutation: Your spells are a little easier to cast, but a little less powerful. [mutagenic meat]
  9980 | D:9      | Lost mutation: You are agile. (Dex +2) [mutagenic meat]
 10034 | D:10     | Entered Level 10 of the Dungeon
 10364 | D:10     | Noticed Maud
 10405 | D:10     | Killed Maud
 10405 | D:10     | Reached XP level 11. HP: 32/85 MP: 11/11
 10868 | D:10     | Reached skill level 12 in Fighting
 10912 | D:10     | Noticed an obsidian statue
 10982 | D:10     | Gained mutation: You are partially covered in thin metallic scales (AC +2). [mutagenic meat]
 10983 | D:10     | Lost mutation: You are partially covered in icy blue scales (AC +1). [mutagenic meat]
 10984 | D:10     | Lost mutation: Your spells are a little easier to cast, but a little less powerful. [mutagenic meat]
 10986 | D:10     | Gained mutation: You are frail (-10% HP). [mutagenic meat]
 10987 | D:10     | Gained mutation: Your body sometimes deteriorates upon taking damage. [mutagenic meat]
 11502 | D:10     | Noticed an ice devil
 11503 | D:10     | Killed an obsidian statue
 11932 | Lair:1   | Entered Level 1 of the Lair of Beasts
 11945 | Lair:1   | HP: 3/77 [komodo dragon (20)]
 13069 | Lair:1   | Reached skill level 13 in Fighting
 13449 | Lair:1   | Acquired Dithmenos's fourth power
 13732 | Lair:1   | Got a scorched broad axe
 13733 | Lair:1   | Identified the +12 broad axe "Duesis" {pain, rN+ Str+6} (You found it on level 1 of the Lair of Beasts)
 13994 | Lair:2   | Reached XP level 12. HP: 84/84 MP: 12/12
 14024 | Lair:2   | You fall through a shaft for 2 floors!
 14145 | Lair:3   | Found a staircase to the Swamp.
 14499 | Lair:2   | Gained mutation: You tend to lose your temper in combat. [potion of mutation]
 15917 | Lair:3   | Found a staircase to the Snake Pit.
 15919 | Lair:3   | Reached skill level 14 in Fighting
 17201 | Lair:3   | Noticed a four-headed hydra
 17207 | Lair:3   | Killed a four-headed hydra
 17225 | Lair:3   | Lost mutation: You are frail (-10% HP). [potion of mutation]
 17225 | Lair:3   | Lost mutation: You are partially covered in rough black scales (AC +4, Dex -1). [potion of mutation]
 17580 | Swamp:1  | Entered Level 1 of the Swamp
 18257 | Lair:4   | Reached XP level 13. HP: 95/102 MP: 13/13
 18675 | Lair:4   | Reached skill level 5 in Shields
 19489 | Lair:5   | Reached skill level 5 in Dodging
 20727 | Lair:2   | Learned a level 2 spell: Stoneskin
 20734 | Lair:2   | Learned a level 6 spell: Statue Form
 20862 | Lair:6   | Noticed Nessos
 20894 | Lair:6   | Killed Nessos
 21859 | Lair:6   | Reached XP level 14. HP: 108/108 MP: 14/14
 22109 | Lair:6   | Reached skill level 10 in Shields
 22166 | Lair:7   | Found a frozen archway.
 22197 | IceCv    | Entered an ice cave
 23376 | IceCv    | Noticed a frost giant
 23653 | IceCv    | Killed a frost giant
 24030 | IceCv    | Got a jewelled great sword
 24036 | IceCv    | Identified the +9 great sword of Mebyd Abu {drain, MR+ SInv} (You found it in an ice cave)
 24073 | Lair:7   | Noticed Josephine
 24093 | Lair:7   | Killed Josephine
 24987 | Lair:7   | Found a staircase to the Slime Pits.
 25947 | Lair:8   | Entered Level 8 of the Lair of Beasts
 26032 | Lair:8   | Found a labyrinth entrance.
 26036 | Lair:8   | Gained mutation: Your magical capacity is low (-10% MP). [potion of mutation]
 26064 | Lair:8   | Gained mutation: You occasionally shout uncontrollably at your foes. [potion of mutation]
 26064 | Lair:8   | Gained mutation: Your body often deteriorates upon taking damage. [potion of mutation]
 26065 | Lair:8   | Lost mutation: Your flesh is cold resistant. [potion of cure mutation]
 26065 | Lair:8   | Lost mutation: You can spit weak poison. [potion of cure mutation]
 26065 | Lair:8   | Lost mutation: Your magical capacity is low (-10% MP). [potion of cure mutation]
 26065 | Lair:8   | Lost mutation: You are covered in fur (AC +1). [potion of cure mutation]
 26065 | Lair:8   | Lost mutation: You tend to lose your temper in combat. [potion of cure mutation]
 26065 | Lair:8   | Lost mutation: Your body often deteriorates upon taking damage. [potion of cure mutation]
 26104 | Lab      | Entered a labyrinth
 26820 | Lab      | Got a heavily runed hat
 26826 | Lab      | Identified the cursed +0 hat "Gian" {rCorr Int-3 Stlth+} (You found it in a labyrinth)
 26987 | Lair:8   | Reached XP level 15. HP: 114/114 MP: 15/15
 27414 | Lair:8   | Reached skill level 10 in Dodging
 27415 | Lair:8   | Upgraded the game from 0.17-a0-1997-ga88ed7d to 0.17-a0-2007-g96ac4c4
 27894 | Lair:8   | Got a serpentine bronze ring
 27896 | Lair:8   | Identified the ring of Awuwn {rC++ MP+9 Int-5} (You found it on level 8 of the Lair of Beasts)
 29328 | Lair:2   | Lost mutation: You are partially covered in thin metallic scales (AC +2). [potion of cure mutation]
 29328 | Lair:2   | Lost mutation: You occasionally shout uncontrollably at your foes. [potion of cure mutation]
 29328 | Lair:2   | Lost mutation: Your body sometimes deteriorates upon taking damage. [potion of cure mutation]
 30484 | D:11     | Gained mutation: You are partially covered in large bone plates (AC +2, SH +2). [mutagenic meat]
 30485 | D:11     | Gained mutation: You are robust (+10% HP). [mutagenic meat]
 30486 | D:11     | Gained mutation: One of your tentacles bears a spike. [mutagenic meat]
 30487 | D:11     | Gained mutation: You evolve. [mutagenic meat]
 31106 | D:12     | Found a staircase to the Orcish Mines.
 31107 | D:12     | You fall through a shaft for 2 floors!
 31174 | D:14     | Reached skill level 15 in Shields
 31226 | D:14     | Reached skill level 1 in Invocations
 31291 | D:14     | Reached skill level 1 in Evocations
 31425 | D:14     | Noticed Sonja
 31444 | D:14     | Killed Sonja
 31803 | D:12     | Found Bimer's Antique Weapon Shop.
 32031 | D:12     | Found Vyedic's Antique Armour Emporium.
 32234 | D:12     | Reached skill level 5 in Evocations
 32345 | D:12     | Reached XP level 16. HP: 132/132 MP: 19/19
 32395 | D:12     | Noticed Frances
 32411 | D:12     | Killed Frances
 32850 | Orc:1    | Entered Level 1 of the Orcish Mines
 33103 | Orc:1    | Found Norhaly's Assorted Antiques.
 33125 | Orc:1    | Bought a translucent scimitar for 198 gold pieces
 33125 | Orc:1    | Bought a potion of might for 88 gold pieces
 33125 | Orc:1    | Bought a scroll labeled FOXICIERCHAA for 22 gold pieces
 33126 | Orc:1    | Identified the +2 scimitar "Spiderbane" {antimagic, Dex+4} (You bought it in a shop on level 1 of the Orcish Mines)
 33791 | Orc:2    | Gained mutation: One of your tentacles bears a nasty spike. [evolution]
 33830 | Orc:2    | Noticed Erolcha
 33843 | Orc:2    | Killed Erolcha
 34349 | Orc:3    | Found a staircase to the Elven Halls.
 34761 | Orc:3    | Noticed Snorg
 34791 | Orc:3    | Noticed Rupert
 34804 | Orc:3    | Killed Rupert
 35098 | Orc:4    | Entered Level 4 of the Orcish Mines
 35371 | Orc:4    | Killed Snorg
 35708 | Orc:4    | Found Yplaylen's Distillery.
 35708 | Orc:4    | Found Etwil's Jewellery Shoppe.
 35772 | Orc:4    | Reached skill level 10 in Evocations
 36091 | Orc:4    | Found Gieppou's Armour Emporium.
 36091 | Orc:4    | Found Jomum's Gadget Boutique.
 36102 | Orc:4    | Bought an uncursed ring of invisibility for 390 gold pieces
 36112 | Orc:4    | Bought the amulet "Itoyriah" {Clar rN+} for 405 gold pieces
 36112 | Orc:4    | Bought the ring "Gienoes" {rF++ rC++ Int+3 Dex+3} for 832 gold pieces
 36734 | D:13     | Gained mutation: You are weak. (Str -2) [mutagenic meat]
 36801 | D:13     | Gained mutation: You are dopey. (Int -2) [mutagenic meat]
 36802 | D:13     | Lost mutation: You are weak. (Str -2) [mutagenic meat]
 36803 | D:13     | Gained mutation: You are weak. (Str -2) [mutagenic meat]
 36828 | D:13     | Noticed Urug
 36838 | D:13     | Killed Urug
 36958 | D:13     | Found a gate to the Vaults.
 37127 | D:13     | Found a sparkling altar of Nemelex Xobeh.
 37598 | D:14     | Gained mutation: Your flesh is heat resistant. [evolution]
 37809 | D:14     | Gained mutation: Scrolls take you a little longer to read. [mutagenic meat]
 38116 | D:15     | Entered Level 15 of the Dungeon
 38182 | D:15     | Found Niwoq's Antique Armour Boutique.
 38267 | D:15     | Reached skill level 15 in Fighting
 38288 | D:15     | Noticed Kirke
 38328 | D:15     | HP: 2/134 [centaur warrior/arrow of flame (6)]
 38912 | D:15     | Noticed a sphinx
 38917 | D:15     | Killed Kirke
 38917 | D:15     | Reached XP level 17. HP: 122/139 MP: 25/25
 38965 | D:15     | Found a blossoming altar of Fedhas.
 39115 | D:15     | Found a staircase to the Depths.
 39126 | D:15     | Reached skill level 15 in Long Blades
 39487 | D:15     | Learned a level 2 spell: Repel Missiles
 39676 | D:15     | Reached skill level 1 in Transmutations
 39676 | D:15     | Reached skill level 1 in Earth Magic
 40126 | Orc:4    | Bought an uncursed ring of poison resistance for 260 gold pieces
 41081 | Swamp:1  | Noticed an alligator
 41084 | Swamp:1  | Killed an alligator
 41177 | Swamp:1  | Noticed an alligator
 41197 | Swamp:1  | Killed an alligator
 42909 | Swamp:3  | Reached skill level 5 in Transmutations
 42909 | Swamp:3  | Reached skill level 5 in Earth Magic
 43161 | Swamp:4  | Entered Level 4 of the Swamp
 43249 | Swamp:4  | Noticed Jorgrun
 43262 | Swamp:4  | Killed Jorgrun
 45004 | Swamp:4  | HP: 6/138 [poison (dark miasma)]
 45006 | Swamp:4  | HP: 1/138 [poison (dark miasma)]
 45007 | Swamp:4  | Succumbed to poison (dark miasma)

Vault maps used:
D:1:      dpeg_arrival_tiny_d
D:2:      led_sif_pool, gammafunk_temple_overflow_pools, old_standard_altar,
          corexii_item_surrounded_by_moat
D:3:      first_bread, uniq_terence, uniq_iyjb
D:4:      kennysheep_mini, kennysheep_cluttered_room,
          nicolae_ashenzari_panopticon
D:5:      tso_metal_star, minmay_temple_entry_grid, st_stairs_9,
          minmay_lizard_king, uniq_menkaure, uniq_duvessa, uniq_eustachio
D:6:      nicolae_ru_awakened_eye
D:7:      basic_altar
D:8:      david_lair_shrubbed
D:10:     minivault_16, uniq_maud
D:12:     boulder_corridor_run, david_orc_3, serial_shops, shop,
          nicolae_shop_overgrown_old_shop, enter_bailey_3, grunt_ogre_cave,
          uniq_frances
D:13:     david_vaults_4, basic_altar, kennysheep_doodads, uniq_urug
D:14:     minmay_misc_feat_square, uniq_sonja
D:15:     grunt_enter_depths_snipers, basic_altar, serial_shops,
          nicolae_shop_trees, uniq_kirke
Temple:   oiseaux_autumnal_temple_12
Lair:1:   st_stairs_8
Lair:2:   patterned_corridor
Lair:3:   swamp_mist, minmay_snake_entry_six_corridors,
          infiniplex_staircase_pool_2
Lair:5:   fungi_pond_lemuel, serial_bayou_shore_a, lemuel_fruit_fields
Lair:6:   uniq_nessos
Lair:7:   minmay_lair_oklob_items, slime_dummy,
          portal_ice_cave_entry_pillars_02, minmay_hedge_maze,
          beast_lair_carwin_6, uniq_josephine
Lair:8:   grunt_lair_end_beastmaster, lab_entry_generic,
          grunt_forest_large_clearings
Swamp:1:  evilmike_swamp_ruin_rubble_2, swamp_pool4, hangedman_swamp_lotus
Swamp:2:  evilmike_swamp_ruin_house_5, swamp_pool1
Swamp:3:  nicolae_swamp_round_clearing, infiniplex_staircase_pool
Swamp:4:  swamp_pestilence, uniq_jorgrun
Orc:1:    serial_shops, nicolae_shop_statue_plus
Orc:2:    guppyfry_library_mini, uniq_erolcha
Orc:3:    nicolae_orc_pool_cavern, nicolae_orc_stony_grotto, uniq_snorg,
          uniq_rupert
Orc:4:    st_orc_ogre_mass, mines_bat_river
Lab:      labyrinth_mini_lab, nicolae_lab_arrow, nicolae_lab_checkerboard,
          lab_statue, nicolae_lab_hexagon
IceCv:    ice_cave_caverns_02

Action                   |  1- 3 |  4- 6 |  7- 9 | 10-12 | 13-15 | 16-18 || total
-------------------------+-------+-------+-------+-------+-------+-------++-------
Melee: Long sword        |    72 |    69 |   161 |       |       |       ||   302
       Dagger            |       |       |     9 |       |    31 |    45 ||    85
       Demon blade       |       |       |   129 |   615 |  1413 |  1696 ||  3853
       Unarmed           |       |       |       |       |       |     4 ||     4
 Fire: Blowgun           |       |       |       |       |   101 |     2 ||   103
Throw: Stone             |     1 |     1 |     2 |       |     3 |       ||     7
       Tomahawk          |       |       |    11 |    22 |       |       ||    33
       Javelin           |       |       |       |     7 |    39 |    19 ||    65
 Cast: Stoneskin         |       |       |       |       |       |     1 ||     1
 Abil: Evoke Berserk Rag |       |       |       |       |     2 |       ||     2
       Evoke Invisibilit |       |       |       |       |       |     2 ||     2
Evoke: Wand              |       |       |     7 |    12 |    12 |    15 ||    46
       Box of beasts     |       |       |       |       |     1 |       ||     1
  Use: Scroll            |     6 |     6 |    14 |     8 |    11 |    16 ||    61
       Potion            |       |     3 |     2 |     8 |    16 |    18 ||    47
 Stab: Sleeping          |     4 |     5 |    11 |    12 |    37 |    61 ||   130
       Distracted        |       |       |     1 |     1 |     6 |     7 ||    15
       Petrified         |       |       |       |       |     1 |       ||     1
  Eat: Chunk             |     1 |     5 |    15 |    38 |    38 |    43 ||   140
       Beef jerky        |       |       |     2 |       |     3 |       ||     5
       Fruit             |       |       |     1 |     2 |     4 |     3 ||    10
       Royal jelly       |       |       |       |     1 |       |       ||     1
       Bread ration      |       |       |       |       |     1 |       ||     1
       Meat ration       |       |       |       |       |       |     1 ||     1
